 Dungeon Sprint DCSS version 0.24.1-14-gf8d2b509d9 (webtiles) character file.

Game seed: 43757464287091582, levelgen mode: deterministic

448 Chiseanne the Covert (level 6, -21/79 HPs)
             Began as a Demonspawn Assassin on June 3, 2020.
             Was an Initiate of Fedhas.
             Demolished by Sonja
             ... wielding a +4 short sword of distortion
              (23 damage)
             ... in the Dungeon (Sprint I: "Red Sonja").
             The game lasted 00:03:00 (636 turns).

Chiseanne the Covert (Demonspawn Assassin)           Turns: 636, Time: 00:03:01

Health: -21/79     AC: 23    Str: 13    XL:     6   Next: 73%
Magic:  6/6        EV:  2    Int: 12    God:    Fedhas [......]
Gold:   17         SH:  0    Dex: 20    Spells: 5/5 levels left

rFire    . . .     SeeInvis .   a - +2 dagger
rCold    . . .     Gourm    .   (no shield)
rNeg     + + +     Faith    .   (armour currently unavailable)
rPois    +         Spirit   .   (helmet currently unavailable)
rElec    .         Reflect  .   (cloak currently unavailable)
rCorr    .         Harm     .   (gloves currently unavailable)
MR       .....     NoTele   +   (boots currently unavailable)
Stlth    ++++++....             (no amulet)
HPRegen  0.23/turn              (no ring)
MPRegen  0.10/turn              (no ring)

@: agile, tree-form
A: no striking features
a: Renounce Religion


You were in the Dungeon.
You worshipped Fedhas.
Fedhas was noncommittal.
You were not hungry.
You were a tree.
You visited 1 branch You collected 297 gold pieces.
You spent 280 gold pieces at shops.

Inventory:

Hand Weapons
 a - a +2 dagger (weapon)
Missiles
 d - 6 poisoned darts (quivered)
Armour
 c - a +0 cloak (melded)
 k - a +2 scale mail of poison resistance (melded)
Scrolls
 l - a scroll of blinking
Potions
 g - 3 potions of curing
 h - 2 potions of flight {unknown}
 i - a potion of agility
 j - 2 potions of magic
 n - a potion of ambrosia
 o - a potion of brilliance
Comestibles
 f - a ration


   Skills:
 + Level 6.8 Fighting
 - Level 1.7 Short Blades
 - Level 1.7 Throwing
 * Level 5.8 Armour
 + Level 5.8 Dodging
 * Level 9.9 Stealth


You had 5 spell levels left.
You didn't know any spells.
Your spell library was empty.

Dungeon Overview and Level Annotations

Branches:
Dungeon (1/1)

Altars:
Cheibriados
Dithmenos
Elyvilon
Fedhas
Gozag
Hepliaklqana
Kikubaaqudgha
Nemelex Xobeh
Okawaru
Qazlal
Ru
Sif Muna
Trog
Uskayaw
Vehumet
Wu Jian
Yredelemnul
Zin
The Shining One

Shops:
D !

Annotations:
D Sonja


Innate Abilities, Weirdness & Mutations

((Your flesh is heat resistant. (rF+)))


Message History

Your +2 scale mail of poison resistance melds into your body.
You no longer feel resistant to poison.
Your roots penetrate the ground.
Sonja barely misses you. Sonja hits you but does no damage.
Space bends around you.
Sonja hits you with a +4 short sword of distortion.
Space bends around you.
* * * LOW HITPOINT WARNING * * *
You miss Sonja.
Sonja is heavily wounded.
Sonja hits you but does no damage. Space bends around you.
* * * LOW HITPOINT WARNING * * *
Sonja hits you but does no damage. Space warps horribly around you!!
* * * LOW HITPOINT WARNING * * *
Sonja hits you but does no damage.
You feel a strange sense of stasis.
You feel better. Sonja hits you but does no damage.
Space warps horribly around you!
* * * LOW HITPOINT WARNING * * *
Sonja hits you but does no damage. Space warps horribly around you!!
You die...
Fedhas appreciates your contribution to the ecosystem.

################
#<.#..'..#.)'..#
#..'..#.['..#..+
#..#####'#####'#
#..####..#...#.#
#..#__####..##.#
#.)#_____##'#_.+
#⌠⌠#_.∩...'.K._#
####_..__##_♣#'#
#_____###+#(#
####### #.###
$§$ #$.$# ##(##
#+#


You could see Sonja.

Vanquished Creatures
  Sigmund (D)
  A yak (D)
  An ogre (D)
  A jelly (D)
  Ijyb (D)
5 creatures vanquished.

Notes
Turn   | Place    | Note
-------+----------+-------------------------------------------
     0 | D        | Chiseanne the Demonspawn Assassin began the quest for the
                  | Orb.
     0 | D        | Reached XP level 1. HP: 16/16 MP: 1/1
     1 | D        | Noticed Ijyb
    22 | D        | Killed Ijyb
    22 | D        | Reached skill level 5 in Stealth
    22 | D        | Gained mutation: Your flesh is heat resistant. (rF+)
                  | [demonic ancestry]
    22 | D        | Reached XP level 2. HP: 24/24 MP: 2/2
   102 | D        | Noticed an ogre
   123 | D        | Killed an ogre
   123 | D        | Reached skill level 7 in Stealth
   123 | D        | Reached XP level 3. HP: 7/32 MP: 3/3
   123 | D        | Reached XP level 4. HP: 9/38 MP: 4/4
   395 | D        | Noticed Sigmund
   399 | D        | Killed Sigmund
   399 | D        | Reached skill level 5 in Dodging
   399 | D        | Reached skill level 9 in Stealth
   399 | D        | Reached XP level 5. HP: 46/46 MP: 5/5
   399 | D        | Reached XP level 6. HP: 52/52 MP: 6/6
   412 | D        | Found a shimmering blue altar of Sif Muna.
   413 | D        | Found an ornate altar of the Wu Jian Council.
   414 | D        | Found a radiant altar of Vehumet.
   449 | D        | Found Watoyfuv's Distillery.
   449 | D        | Found an ancient bone altar of Kikubaaqudgha.
   449 | D        | Found a hazy altar of Hepliaklqana.
   449 | D        | Found a stormy altar of Qazlal.
   449 | D        | Found a hide-covered altar of Uskayaw.
   449 | D        | Found a blossoming altar of Fedhas.
   449 | D        | Found a bloodstained altar of Trog.
   449 | D        | Found an iron altar of Okawaru.
   449 | D        | Found a basalt altar of Yredelemnul.
   449 | D        | Found a glowing golden altar of the Shining One.
   449 | D        | Found a snail-covered altar of Cheibriados.
   449 | D        | Found a sacrificial altar of Ru.
   449 | D        | Found a glowing silver altar of Zin.
   449 | D        | Found a shadowy altar of Dithmenos.
   449 | D        | Found a white marble altar of Elyvilon.
   449 | D        | Noticed a yak
   450 | D        | Found an opulent altar of Gozag.
   472 | D        | Killed a yak
   472 | D        | Reached skill level 5 in Armour
   473 | D        | Found a sparkling altar of Nemelex Xobeh.
   484 | D        | Became a worshipper of Fedhas Madash
   486 | D        | Bought 2 potions of agility for 80 gold pieces
   486 | D        | Bought a potion of lignification for 30 gold pieces
   486 | D        | Bought a potion of ambrosia for 80 gold pieces
   486 | D        | Bought a potion of brilliance for 40 gold pieces
   486 | D        | Bought a potion of heal wounds for 50 gold pieces
   625 | D        | Noticed Sonja
   635 | D        | HP: 2/79 [Sonja/+4 short sword of distortion (18)]
   636 | D        | Demolished by Sonja

Levels and vault maps discovered:
D:        dungeon_sprint_1 [red_sonja_temple_1, red_sonja_temple_small_1]

Skill      XL: |  1  2  3  4  5  6 |
---------------+-------------------+-----
Fighting       | 3 4 6 |  6.8
Dodging        | 2 4 5 |  5.8
Stealth        | 5 7 9 |  9.9
Armour         | 4 5 |  5.8
Short Blades   | |  1.7
Throwing       | |  1.7

Action                   |  1- 3 |  4- 6 || total
-------------------------+-------+-------++-------
Melee: Dagger            |    14 |    19 ||    33
Throw: Dart              |     8 |     9 ||    17
  Use: Potion            |     3 |     4 ||     7
       Scroll            |       |     1 ||     1
 Stab: Sleeping          |       |     2 ||     2
Armor: Robe              |     3 |       ||     3
       Scale mail        |       |     9 ||     9
       Skin              |       |     6 ||     6
Dodge: Dodged            |     9 |    14 ||    23
